 Dungeon Crawl Stone Soup version 0.17.1-2-g5865329 (webtiles) character file.

107 kaze the Ruffian (level 4, -3/44 HPs)
             Began as a Troll Berserker on Jan 27, 2016.
             Was a Believer of Trog.
             Slain by a hippogriff (6 damage)
             ... on level 3 of the Dungeon.
             The game lasted 00:05:57 (1131 turns).

kaze the Ruffian (Troll Berserker)                  Turns: 1131, Time: 00:05:57

Health: -3/44      AC:  5    Str: 26    XL:     4   Next: 56%
Magic:  3/3        EV: 10    Int:  3    God:    Trog [**....]
Gold:   51         SH:  0    Dex:  9    Spells: 0 memorised, 3 levels left

rFire  x . .     SeeInvis .     i - +4 halberd
rCold  + . .     Clarity  .     a - +0 animal skin
rNeg   . . .     SustAt   .     (shield currently unavailable)
rPois  .         Gourm    +     (helmet restricted)
rElec  .         Spirit   .     (no cloak)
rCorr  .         Warding  .     (gloves unavailable)
rMut   .         Stasis   .     (boots unavailable)
MR     ++...                    (no amulet)
Stlth  +.........               (no ring)
                                g - ring of ice

@: regenerating, very resistant to hostile enchantments, very unstealthy
A: unfitting armour, claws 3, fast metabolism 3, gourmand, regeneration 2,
shaggy fur 1, tough skin 2
a: Berserk, Trog's Hand, Burn Spellbooks, Renounce Religion


You were on level 3 of the Dungeon.
You worshipped Trog.
Trog was pleased with you.
You were not hungry.

You visited 1 branch of the dungeon, and saw 3 of its levels.

You collected 51 gold pieces.

Inventory:

Hand Weapons
 i - a +4 halberd (weapon)
Armour
 a - a +0 animal skin (worn)
Jewellery
 g - a ring of ice (left claw)
Scrolls
 c - 4 scrolls of identify {unknown}
 h - a scroll of enchant armour {unknown}
Potions
 d - a potion of might {unknown}
 e - a potion of degeneration {unknown}
 l - 2 potions of poison {unknown}
 m - a potion of haste {unknown}
 n - 3 potions of mutation {unknown}
Miscellaneous
 k - a plain deck of summoning
Comestibles
 b - 2 bread rations
 f - 2 meat rations
 j - a royal jelly


   Skills:
 + Level 2.8 Fighting
 + Level 3.6 Dodging
 + Level 0.1 Stealth
 + Level 3.7 Unarmed Combat


You had 3 spell levels left.
You didn't know any spells.

Dungeon Overview and Level Annotations

Branches:
Dungeon (3/15)

Altars:
Nemelex Xobeh


Innate Abilities, Weirdness & Mutations

You are too large for most types of armour.
You have claws for hands.
Your metabolism is lightning-fast.
You like to eat raw meat.
You heal very quickly.
You are covered in fur (AC +1).
You have very tough skin (AC +2).


Message History

Your skin crawls.
You feel resistant to hostile enchantments.
You feel slightly more hungry.
The hippogriff bites you but does no damage.
The hippogriff barely misses you. The hippogriff claws you.
* * * LOW HITPOINT WARNING * * *
You slash the hippogriff!
The hippogriff is almost dead.
The hippogriff barely misses you. The hippogriff closely misses you.
The hippogriff claws you but does no damage.
You closely miss the hippogriff.
The hippogriff is almost dead.
The hippogriff bites you.
* * * LOW HITPOINT WARNING * * *
The hippogriff completely misses you.
The hippogriff claws you but does no damage.
The hippogriff bites you!
* * * LOW HITPOINT WARNING * * *
The hippogriff pecks you.
You die...

#..########
.##.##..#
........#
###.###.# #
#.# #.# #.#
#.# #@# #H#
.S# #..#
..># .....
.....
......


You could see a hippogriff and an adder.

Vanquished Creatures
  Ijyb (D:2)
  An adder (D:2)
  3 gnolls (D:2)
  A worm (D:2)
  2 giant cockroaches (D:1)
  3 goblins
  5 hobgoblins
  4 jackals (D:1)
  A quokka (D:2)
  3 bats
  3 giant newts
  6 kobolds
  7 rats
40 creatures vanquished.

Notes
Turn   | Place    | Note
--------------------------------------------------------------
     0 | D:1      | kaze the Troll Berserker began the quest for the Orb.
     0 | D:1      | Reached XP level 1. HP: 22/22 MP: 0/0
   154 | D:1      | Reached XP level 2. HP: 29/29 MP: 1/1
   433 | D:2      | Reached ** piety under Trog
   670 | D:2      | Reached XP level 3. HP: 29/36 MP: 2/2
   691 | D:2      | HP: 1/36 [quokka (4)]
   728 | D:2      | Noticed Ijyb
   739 | D:2      | Killed Ijyb
   739 | D:2      | Reached XP level 4. HP: 33/44 MP: 3/3
   874 | D:2      | Found a sparkling altar of Nemelex Xobeh.
  1119 | D:3      | Noticed a hippogriff
  1131 | D:3      | Slain by a hippogriff

Action                   |  1- 3 |  4- 6 || total
-------------------------+-------+-------++-------
Melee: Unarmed           |    92 |       ||    92
       Halberd           |     8 |    16 ||    24
Invok: Trog's Hand       |     1 |     1 ||     2
       Berserk           |     1 |       ||     1
 Stab: Sleeping          |       |     1 ||     1
  Eat: Chunk             |     8 |     3 ||    11
